 Dungeon Crawl Stone Soup version 0.26.1-16-g4e020e15dc (webtiles) character file.

Game seed: 5649333590920344546

125 Liam3024 the Skirmisher (level 5, 59/59 HPs)
             Began as an Ogre Conjurer on Nov 4, 2022.
             Quit the game on level 3 of the Dungeon on Mar 13, 2024.
             The game lasted 00:10:21 (3728 turns).

Liam3024 the Skirmisher (Ogre Conjurer)             Turns: 3728, Time: 00:10:21

Health: 59/59      AC:  3    Str: 11    XL:     5   Next: 9%
Magic:  8/8        EV: 10    Int: 20    God:
Gold:   87         SH:  0    Dex:  7    Spells: 8/9 levels left

rFire    . . .     SeeInvis .   b - +0 hunting sling
rCold    . . .     Faith    .   (no shield)
rNeg     . . .     Spirit   .   e - +0 robe
rPois    .         Reflect  .   u - +0 hat
rElec    .         Harm     .   (no cloak)
rCorr    .         Rampage  .   (gloves unavailable)
Will     .....                  (boots unavailable)
Stlth    +.........             (no amulet)
HPRegen  0.19/turn              (no ring)
MPRegen  0.11/turn              (no ring)

@: no status effects
A: large, unfitting armour, tough skin 1
a: no special abilities


You were on level 3 of the Dungeon.
You visited 1 branch of the dungeon, and saw 3 of its levels.

You collected 87 gold pieces.

Inventory:

Hand Weapons
 a - a +0 dagger
 b - a +0 hunting sling (weapon)
Missiles
 n - 10 sling bullets
 o - 130 stones (quivered ammo)
Armour
 e - a +0 robe (worn)
 u - a +0 hat (worn)
Scrolls
 c - 3 scrolls of enchant armour {unknown}
 d - 2 scrolls of fog {unknown}
 f - 2 scrolls of noise {unknown}
 h - 3 scrolls of identify {unknown}
 j - 3 scrolls of remove curse {unknown}
 l - 2 scrolls of teleportation {unknown}
 m - a scroll of amnesia {unknown}
 q - a scroll of fear {unknown}
 t - a scroll of blinking {unknown}
Potions
 g - 3 potions of curing {unknown}
 i - a potion of berserk rage {unknown}
 k - a potion of mutation {unknown}
 p - a potion of cancellation {unknown}
 r - a potion of heal wounds {unknown}
 s - a potion of degeneration {unknown}


   Skills:
 + Level 5.8 Fighting
 - Level 1.8 Dodging
 - Level 1.4 Stealth
 - Level 2.5 Spellcasting
 - Level 3.6 Conjurations


You had 8 spell levels left.
You knew the following spells:

 Your Spells              Type           Power        Failure   Level
a - Magic Dart            Conj           68%          3%          1

Your spell library contained the following spells:

 Spells                   Type           Power        Failure   Level
 Searing Ray              Conj           34%          4%          2
 Dazzling Flash           Conj/Hex       18%          22%         3
 Fulminant Prism          Conj/Hex       4%           56%         4
 Iskenderun's Mystic Bla  Conj/Tloc      9%           56%         4


Dungeon Overview and Level Annotations

Branches:
Dungeon (3/15)

Altars:

Annotations:
D:3 Sigmund


Innate Abilities, Weirdness & Mutations

You are too large for most types of armour.
You have tough skin. (AC +1)


Message History

Confirm with . or Enter, or press ? or * to list all spells.
Okay, then.
You aren't carrying any pieces of jewellery.
Okay, then.
Casting: Magic Dart (safe; 3% risk of failure)
Confirm with . or Enter, or press ? or * to list all spells.
You can't see any susceptible monsters within range! (Use Z to cast anyway.)
You aren't carrying any pieces of jewellery.
Okay, then.
Aiming: Magic Dart (safe; 3% risk of failure)
Press: ? - help, Q - select action, (/) - cycle Shift-Dir - straight line, f - you
Okay, then.
You see here a ball python corpse.
There is a stone staircase leading up, spattered with blood here.
You climb upwards.
There is a stone staircase leading down here.
You climb downwards.
Level annotation: Sigmund
There is a stone staircase leading up, spattered with blood here.
Are you sure you want to abandon this character and quit the game? (Confirm with "yes".)

##....#.# #####.......
...####.####............
...#.......#............
.. #.♣...♣.#............
#.......#........####
#.♣...♣.#........## #
#..)....#.........# #
#.♣.†.♣.#.......#.###
#...@...#.......#..##
#########.......##.##
.......##'##
.......#...#
.......#...#
.......#..)# .. ##...
... #... .... #.#.


There were no monsters in sight!

Vanquished Creatures
  4 adders
  An ooze (D:1)
  2 dart slugs
  A leopard gecko (D:1)
  6 orcs (D:3)
  6 bats
  4 giant cockroaches
  11 goblins
  12 hobgoblins
  A quokka (D:3)
  2 ball pythons
  6 frilled lizards
  7 kobolds
  4 rats
67 creatures vanquished.

Notes
Turn   | Place    | Note
-------+----------+-------------------------------------------
     0 | D:1      | Liam3024 the Ogre Conjurer began the quest for the Orb.
     0 | D:1      | Reached XP level 1. HP: 16/16 MP: 3/3
   315 | D:1      | Reached skill level 1 in Fighting
   316 | D:1      | Reached XP level 2. HP: 23/27 MP: 1/5
   415 | D:1      | Reached skill level 2 in Fighting
   842 | D:1      | Reached skill level 3 in Fighting
   842 | D:1      | Reached XP level 3. HP: 37/37 MP: 0/6
  1843 | D:2      | Reached skill level 4 in Fighting
  1906 | D:2      | Reached XP level 4. HP: 42/48 MP: 2/7
  2479 | D:2      | Reached skill level 5 in Fighting
  3011 | D:3      | Reached XP level 5. HP: 55/58 MP: 2/8
  3197 | D:3      | Noticed Sigmund
  3720 | D:3      | Upgraded the game from 0.26.1-15-g04117e645d to
                  | 0.26.1-16-g4e020e15dc
  3728 | D:3      | Quit the game

Illustrated notes

Levels and vault maps discovered:
D:1:      minmay_arrival_glassed_features, layout_basic
D:2:      layout_loops_ring
D:3:      layout_basic, grunt_ministairs_3, uniq_sigmund

Skill      XL: |  1  2  3  4 |
---------------+-------------+-----
Fighting       | 1 3 4 5 |  5.8
Dodging        | |  1.8
Stealth        | |  1.4
Spellcasting   | |  2.5
Conjurations   | |  3.6

Action                   |  1- 3 |  4- 6 || total
-------------------------+-------+-------++-------
Melee: Unarmed           |     5 |       ||     5
       Dagger            |    13 |    11 ||    24
 Fire: Hunting sling     |     9 |    26 ||    35
 Cast: Magic Dart        |    67 |    61 ||   128
Armor: Robe              |     6 |    10 ||    16
Dodge: Dodged            |    11 |    15 ||    26
